 Dungeon Crawl Stone Soup version 0.22-a0-368-g870eee8 (console) character file.

15 vegansnacktivist the Changer (level 2, -1/21 HPs)
             Began as a Merfolk Transmuter on Apr 23, 2018.
             Slain by Sigmund
             ... wielding a +0 scythe
              (8 damage)
             ... on level 2 of the Dungeon.
             The game lasted 00:00:49 (617 turns).

vegansnacktivist the Changer (Merfolk Transmuter)    Turns: 617, Time: 00:00:50

Health: -1/21      AC:  2    Str: 10    XL:     2   Next: 50%
Magic:  5/5        EV: 13    Int: 12    God:
Gold:   67         SH:  0    Dex: 14    Spells: 4/5 levels left

rFire    . . .     SeeInvis .     - Unarmed
rCold    . . .     Gourm    .   (no shield)
rNeg     . . .     Faith    .   b - +0 robe
rPois    .         Spirit   .   (no helmet)
rElec    .         Reflect  .   (no cloak)
rCorr    .         Harm     .   (no gloves)
MR       .....                  (no boots)
Stlth    +.........             (no amulet)
HPRegen  0.07/turn              (no ring)
MPRegen  0.09/turn              (no ring)

@: appendage (expiring)
A: change form in water, swift swim, stealthy swim, horns 2
a: End Transformation


You were on level 2 of the Dungeon.
You were not hungry.
You had grown temporary horns.
You visited 1 branch of the dungeon, and saw 2 of its levels.

You collected 67 gold pieces.

Inventory:

Missiles
 a - 12 arrows
Armour
 b - a +0 robe (worn)
Jewellery
 h - an uncursed amulet of regeneration {unknown}
Scrolls
 e - a scroll of enchant armour {unknown}
 f - 2 scrolls of teleportation {unknown}
 k - a scroll of identify {unknown}
 l - a scroll of remove curse {unknown}
Potions
 c - a potion of lignification {unknown}
 g - a potion of flight {unknown}
 j - a potion of curing
Comestibles
 d - a ration


   Skills:
 - Level 1.1 Fighting
 - Level 2.6 Dodging
 - Level 3.2 Unarmed Combat
 - Level 2.0 Spellcasting
 + Level 4.1 Transmutations


You had 4 spell levels left.
You knew the following spells:

 Your Spells              Type           Power        Failure   Level  Hunger
a - Beastly Appendage     Tmut           ##....       4%          1    ##.....


Dungeon Overview and Level Annotations

Branches:
Dungeon (2/15)

Altars:
Cheibriados

Annotations:
D:2 Sigmund


Innate Abilities, Weirdness & Mutations

You revert to your normal form in water.
You are very nimble and swift while swimming.
You are very stealthy in the water. (Stealth+)
You have a pair of horns on your head.


Message History

No target in view!
No target in view!
No target in view!
No target in view!
Unknown command.
Magic restored.
Something hits you!
Things that are here:
a dagger; 17 stones; an orc corpse You hear some strange, mumbled words.
You are confused.
Found a stone staircase leading down.
You're too confused to cast spells.
You're too confused!
You bump into the rock wall.
Something hits you.
* * * LOW HITPOINT WARNING * * *
It was a potion of curing.
You feel better.
You barely miss something. You headbutt something.
Your transformation is almost over.
Something hits you!
You die...

.... .. ..>##.. ##
....... .. ....... #.
....... #. .....# #.
####.....# #.###†)@...#
#.....###.###
#####....)......
#............%... .
#.####......$.....
...####.###...........##
.....<................
...#########.......... .
#..........


There were no monsters in sight!

Vanquished Creatures
  An ooze (D:1)
  An orc (D:2)
  4 goblins
  A hobgoblin (D:1)
  2 bats
  A kobold (D:1)
10 creatures vanquished.

Notes
Turn   | Place    | Note
-------+----------+-------------------------------------------
     0 | D:1      | vegansnacktivist the Merfolk Transmuter began the quest for the Orb.
     0 | D:1      | Reached XP level 1. HP: 15/15 MP: 3/3
    59 | D:1      | Reached skill level 3 in Transmutations
   321 | D:1      | Found a snail-covered altar of Cheibriados.
   358 | D:1      | Reached XP level 2. HP: 19/21 MP: 3/5
   605 | D:2      | Noticed Sigmund
   606 | D:2      | Reached skill level 4 in Transmutations
   617 | D:2      | Slain by Sigmund

Vault maps used:
D:1:      sevenhm_arrival_forest_fort_small_3, cheibriados_altar_1
D:2:      first_ration, uniq_sigmund

Skill      XL: |  1  2 |
---------------+-------+-----
Transmutations | 3 4 |  4.1
Fighting       | |  1.1
Dodging        | |  2.6
Unarmed Combat | |  3.2
Spellcasting   | |  2.0

Action                   || total
-------------------------++-------
Melee: Unarmed           ||    23
       Headbutt          ||     2
 Cast: Beastly Appendage ||     4
  Use: Potion            ||     1
Armor: Robe              ||     4
Dodge: Dodged            ||    14

Table legend:
 A = Spawn XP
 B = Non-spawn XP
 C = Spawn XP percentage of total XP
 D = Spawn monster count
 E = Non-spawn monster count
 F = Spawn count percentage of total count
 G = Total turns spent on level
                    A         B        C        D         E        F      G
               +---------+---------+-------+---------+---------+-------+---------
         Total |       0 |      22 |   0.0 |       0 |      10 |   0.0 |   617
               +---------+---------+-------+---------+---------+-------+---------
           D:1 |       0 |      16 |   0.0 |       0 |       7 |   0.0 |   594
           D:2 |       0 |       6 |   0.0 |       0 |       3 |   0.0 |    23
               +---------+---------+-------+---------+---------+-------+---------
